 Dungeon Crawl Stone Soup version 0.31-a0-1620-gcbf77bbcfc (webtiles) character file.

Game seed: 8107618314596232209

8085 Flugslaktarn the Fighter (level 11, -7/105 HPs)
             Began as a Minotaur Fighter on Jan 11, 2024.
             Was an Elder of Cheibriados.
             Mangled by an orc knight
             ... wielding a +0 halberd
              (9 damage)
             ... in a bailey.
             The game lasted 00:04:45 (7298 turns).

Flugslaktarn the Fighter (Minotaur Fighter)         Turns: 7298, Time: 00:04:45

Health: -7/105     AC: 13    Str: 35    XL:     11   Next: 5%
Magic:  10/10      EV: 10    Int: 15    God:    Cheibriados [****..]
Gold:   553        SH: 13    Dex: 26    Spells: 10/10 levels left

rFire   . . .        a - +0 war axe
rCold   . . .        c - +0 buckler
rNeg    . . .        b - +0 scale mail
rPois   .            (helmet restricted)
rElec   .            s - +1 cloak
rCorr   .            q - +0 pair of gloves
SInv    .            k - +0 pair of boots
Will    .....        p - amulet of reflection
Stlth   +            j - +4 ring of slaying
HPRegen 0.37/turn    A - +6 ring of dexterity
MPRegen 0.12/turn

%: reflection
@: mighty, very slow
A: horns 2, retaliatory headbutt, talons 1
a: Renounce Religion, Bend Time, Temporal Distortion, Slouch


You were in a bailey.
You worshipped Cheibriados.
Cheibriados was greatly pleased with you.
You visited 2 branches of the dungeon, and saw 9 of its levels.
You also visited: Bailey.

You collected 553 gold pieces.

Inventory:

Hand Weapons
 a - a +0 war axe (weapon)
 C - a +2 dagger of distortion
   (You took it off a kobold on level 8 of the Dungeon)
Missiles
 y - 2 throwing nets (quivered)
Armour
 b - a +0 scale mail (worn)
 c - a +0 buckler (worn)
 k - a +0 pair of boots (worn)
   (You found it on level 2 of the Dungeon)
 q - a +0 pair of gloves (worn)
   (You found it on level 5 of the Dungeon)
 s - a +1 cloak (worn)
   (You took it off Crazy Yiuf on level 5 of the Dungeon)
Jewellery
 j - a +4 ring of slaying (left hand)
   (You found it on level 1 of the Dungeon)
 o - an amulet of guardian spirit
   (You found it on level 4 of the Dungeon)
 p - an amulet of reflection (around neck)
   (You found it on level 5 of the Dungeon)
 u - a ring of flight
   (You found it on level 7 of the Dungeon)
 x - a ring of ice
   (You found it on level 7 of the Dungeon)
 A - a +6 ring of dexterity (right hand)
   (You found it on level 7 of the Dungeon)
Wands
 v - a wand of roots (1)
   (You took it off an orc on level 7 of the Dungeon)
Scrolls
 e - 4 scrolls of amnesia
 g - 2 scrolls of fog
 i - 2 scrolls of enchant weapon
 l - a scroll of enchant armour
 r - 4 scrolls of identify
 t - a scroll of silence
Potions
 d - 3 potions of might
 f - a potion of lignification
 h - 2 potions of haste
 n - 2 potions of mutation
 w - a potion of heal wounds
 B - a potion of enlightenment
 D - a potion of experience {unknown}
 E - a potion of resistance {unknown}
 F - a potion of cancellation {unknown}
 G - a potion of invisibility {unknown}
Miscellaneous
 m - a phantom mirror
   (You found it on level 7 of the Dungeon)


   Skills:
 * Level 12.4 Fighting
 * Level 12.1 Axes
 + Level 9.0 Armour
 + Level 9.0 Shields
 * Level 0.8 Invocations


You had 10 spell levels left.
You didn't know any spells.
Your spell library contained the following spells:

 Spells                   Type           Power      Damage    Failure   Level
 Ensorcelled Hibernation  Hex/Ice        0%         N/A       61%         2
 Frozen Ramparts          Ice            0%         1d1       83%         3
 Fugue of the Fallen      Necr           0%         N/A       83%         3
 Anguish                  Hex/Necr       0%         N/A       99%         4
 Vhi's Electric Charge    Tloc/Air       0%         N/A       99%         4
 Arcjolt                  Conj/Air       0%         1d10      100%        5
 Summon Forest            Summ/Tloc      0%         N/A       100%        5
 Summon Mana Viper        Hex/Summ       0%         N/A       100%        5
 Conjure Ball Lightning   Conj/Air       0%         3x3d6     100%        6
 Death Channel            Necr           0%         N/A       100%        6
 Summon Cactus Giant      Summ           0%         N/A       100%        6
 Haunt                    Necr/Summ      0%         N/A       100%        7
 Discord                  Hex            0%         N/A       100%        8
 Disjunction              Tloc           0%         N/A       100%        8
 Maxwell's Capacitive Co  Air            0%         ∞         100%        8


Dungeon Overview and Level Annotations

Branches:
Dungeon (8/15)             Temple (1/1) D:5          Bailey (1/1)
   Lair: D:8-11

Altars:
Ashenzari
Cheibriados
Dithmenos
Elyvilon
Fedhas
Gozag
Hepliaklqana
Kikubaaqudgha
Makhleb
Nemelex Xobeh
Okawaru
Qazlal
Ru
Sif Muna
Trog
Uskayaw
Vehumet
Wu Jian
Xom
Yredelemnul
Zin
The Shining One

Shops:
D:2 :

Annotations:
D:7 2 runed translucent doors


Innate Abilities, Weirdness & Mutations

You have a pair of horns on your head.
You reflexively headbutt those who attack you in melee.
You have sharp toenails.


Message History

You headbutt the orc knight!
The orc knight hits you from afar with a +0 halberd!
* * * LOW HITPOINT WARNING * * *
You slash the orc knight!
The orc knight is moderately wounded.
The orc knight closely misses you.
Blink to where?
Press: ? - help, Dir - move target
As you read the scroll of blinking, it crumbles to dust.
Okay, then.
You feel much better.
Okay, then.
Unknown command.
Aiming: Fastroot
Press: ? - help, Shift-Dir - straight line, f - orc knight
Aim: an orc knight, wielding a +0 trident and wearing a +0 chain mail (moderately wounded)
The roots erupt in riotous growth!
Roots grab the orc knight.
The grasping roots constrict the orc knight.
The orc knight escapes!
The orc knight roars a battlecry!
The orc knight goes into a battle-frenzy!
Okay, then.
Okay, then.
Okay, then.
Okay, then.
Okay, then.
Aiming: Fastroot
Press: ? - help, Shift-Dir - straight line, f/p - orc knight
Aim: an orc knight, wielding a +0 trident and wearing a +0 chain mail (heavily wounded, strong)
The roots erupt in riotous growth!
Roots grab the orc knight.
The grasping roots constrict the orc knight.
The orc knight struggles to escape constriction.
Aiming: Fastroot
Press: ? - help, Shift-Dir - straight line, p - orc knight The roots erupt in riotous growth!
Roots grab the orc knight.
The orc knight is unaffected.
The grasping roots constrict the orc knight!
The grasping roots constrict the orc knight.
The roots release their grip on the orc knight.
The orc knight struggles to escape constriction.
Aiming: Fastroot
Press: ? - help, Shift-Dir - straight line, f - orc knight
Aim: an orc knight, wielding a +0 trident and wearing a +0 chain mail (severely wounded, strong)
The roots erupt in riotous growth!
Roots grab the orc knight.
The grasping roots constrict the orc knight. x2
The orc knight no longer looks unusually strong.
The roots release their grip on the orc knight.
The orc knight struggles to escape constriction.
Unknown command.
The grasping roots constrict the orc knight.
The roots release their grip on the orc knight.
The orc knight roars a battlecry!
Aiming: Fastroot
Press: ? - help, Shift-Dir - straight line, f/p - orc knight
Aim: an orc knight, wielding a +0 trident and wearing a +0 chain mail (severely wounded, strong)
The roots erupt in riotous growth!
Roots grab the orc knight. x2
The grasping roots constrict the orc knight. x2
The orc knight hits you from afar with a +0 trident!
The orc knight struggles to escape constriction.
Unknown command.
The roots lose their grip on something.
The grasping roots constrict the orc knight!
The roots release their grip on the orc knight.
You block the orc knight's attack. x2
The orc knight hits you from afar with a +0 halberd!
* * * LOW HITPOINT WARNING * * *
You hit the orc knight. You headbutt the orc knight!
You kill the orc knight!
Cheibriados appreciates the change of pace.
The orc knight hits you from afar with a +0 halberd!!
* * * LOW HITPOINT WARNING * * *
Your phantom mirror has recharged.
Your Shields skill increases to level 9!
You have reached level 11!
Okay, then.
You feel much better.
The orc knight hits you from afar with a +0 halberd!
* * * LOW HITPOINT WARNING * * *
Unknown command.
The orc knight hits you with a +0 halberd!
* * * LOW HITPOINT WARNING * * *
Things that are here:
a +0 trident; a +0 chain mail Unknown command.
You slice the orc knight!!
The orc knight is moderately wounded.
The orc knight hits you but does no damage.
Unknown command.
Okay, then.
Okay, then.
You hit the orc knight but do no damage.
You headbutt the orc knight.
The orc knight is moderately wounded.
The orc knight hits you with a +0 halberd!
You die...

#.......#
#..))...#
##.....##
#'''''#
##.....##
#.......#
#.......#
#...o...#
#..#@#..#
#.......#
##.....##
##'''##
#.....#
#.....#
#.)...#
#..)..#
#))...#


You could see an orc knight (strong).

Vanquished Creatures
  A two-headed ogre (D:8)
  2 orc knights (Bailey)
  Pikel (D:4)
  An ugly thing (D:7)
  A gargoyle (D:7)
  Prince Ribbit (D:6)
  A slime creature (D:7)
  Sigmund (D:2)
  Eustachio (D:5)
  Edmund (D:4)
  An acid dragon (D:7)
  A water moccasin (D:6)
  5 black bears
  2 sky beasts (D:7)
  6 orc warriors (Bailey)
  An ogre (D:5)
  2 phantoms (D:5)
  4 centaurs (D:7)
  2 lemures (D:4)
  A kobold brigand (D:8)
  4 bullfrogs
  3 scorpions
  13 wights
  5 killer bees (D:7)
  8 howler monkeys
  5 hounds
  3 bombardier beetles
  2 jellies
  Crazy Yiuf (D:5)
  5 orc priests
  Jessica (D:2)
  2 sleepcaps
  6 orc wizards
  7 iguanas
  2 adders (D:5)
  A gnoll (D:7)
  A shadow imp (D:7)
  A white imp (D:6)
  4 ufetubi
  2 dart slugs
  2 ribbon worms
  44 orcs
  9 ball pythons
  5 bats
  10 endoplasms
  5 goblins
  7 hobgoblins
  4 jackals (D:4)
  7 kobolds
  5 quokkas
  3 frilled lizards (D:1)
  8 rats
221 creatures vanquished.

Vanquished Creatures (collateral kills)
  A gnoll (D:7)
1 creature vanquished.

Grand Total: 222 creatures vanquished

Notes
Turn   | Place    | Note
-------+----------+-------------------------------------------
     0 | D:1      | Flugslaktarn the Minotaur Fighter began the quest for the
                  | Orb.
     0 | D:1      | Reached XP level 1. HP: 19/19 MP: 0/0
     6 | D:1      | Noticed a black bear
     6 | D:1      | Noticed a killer bee
     6 | D:1      | Noticed an iguana
     7 | D:1      | Noticed a brain worm
     7 | D:1      | Noticed a rime drake
   111 | D:1      | Reached XP level 2. HP: 27/27 MP: 1/1
   257 | D:1      | Noticed a golden eye
   261 | D:1      | Found a faded altar of an unknown god.
   263 | D:1      | Noticed a shining eye
   263 | D:1      | Noticed a great orb of eyes
   263 | D:1      | Noticed a golden eye
   291 | D:1      | Reached XP level 3. HP: 33/33 MP: 2/2
   627 | D:2      | Noticed Jessica
   637 | D:2      | Killed Jessica
   781 | D:2      | Reached XP level 4. HP: 37/41 MP: 3/3
   811 | D:2      | Noticed Sigmund
   840 | D:2      | HP: 2/41 [something (9)]
   842 | D:2      | Killed Sigmund
   843 | D:2      | Reached skill level 5 in Fighting
   843 | D:2      | Reached XP level 5. HP: 3/48 MP: 4/4
  1241 | D:2      | Found Mimusum's Book Emporium.
  1650 | D:3      | Reached XP level 6. HP: 57/57 MP: 5/5
  1692 | D:3      | Got the Octavo of Macabre Graupel
  1941 | D:3      | Found a shimmering altar of Xom.
  1949 | D:3      | Found a sparkling altar of Nemelex Xobeh.
  1952 | D:3      | Found a radiant altar of Vehumet.
  1953 | D:3      | Found a basalt altar of Yredelemnul.
  1959 | D:3      | Found a burning altar of Makhleb.
  2413 | D:4      | Reached skill level 5 in Axes
  2431 | D:4      | Noticed Edmund
  2435 | D:4      | Killed Edmund
  2436 | D:4      | Reached skill level 5 in Armour
  2436 | D:4      | Reached skill level 5 in Shields
  2436 | D:4      | Reached XP level 7. HP: 43/64 MP: 6/6
  2667 | D:4      | Found a broken altar of Ashenzari.
  3487 | D:5      | Entered Level 5 of the Dungeon
  3501 | D:5      | Reached XP level 8. HP: 73/73 MP: 7/7
  3672 | D:5      | Noticed Pikel
  3795 | D:4      | Killed Pikel
  4090 | D:5      | Found a staircase to the Ecumenical Temple.
  4109 | Temple   | Entered the Ecumenical Temple
  4132 | Temple   | Became a worshipper of Cheibriados the Contemplative
  4187 | D:5      | Noticed Eustachio
  4195 | D:5      | Killed Eustachio
  4196 | D:5      | Reached XP level 9. HP: 80/83 MP: 8/8
  4211 | D:5      | Found an ornate altar of the Wu Jian Council.
  4285 | D:5      | Found a runed translucent door.
  4286 | D:5      | Noticed Crazy Yiuf
  4412 | D:5      | Killed Crazy Yiuf
  4484 | D:6      | Noticed Prince Ribbit
  4503 | D:6      | Killed Prince Ribbit
  4579 | D:6      | Reached * piety under Cheibriados
  4780 | D:6      | Reached skill level 10 in Fighting
  5007 | D:7      | Reached skill level 10 in Axes
  5010 | D:7      | Reached ** piety under Cheibriados
  5154 | D:7      | Reached XP level 10. HP: 80/94 MP: 9/9
  5221 | D:7      | Reached *** piety under Cheibriados
  5343 | D:7      | Found a blossoming altar of Fedhas.
  5425 | D:7      | Found a large runed translucent door.
  5431 | D:7      | Found a large runed translucent door.
  5459 | D:7      | Found a large runed translucent door.
  5459 | D:7      | Found a large runed translucent door.
  5459 | D:7      | Noticed a white ugly thing
  5753 | D:7      | Gained mutation: You have sharp toenails. [potion of
                  | mutation]
  5762 | D:7      | Killed a white ugly thing
  6259 | D:7      | Noticed a gargoyle
  6270 | D:7      | Killed a gargoyle
  6543 | D:8      | Noticed a two-headed ogre
  6553 | D:8      | Killed a two-headed ogre
  6777 | D:8      | Found an opulent altar of Gozag.
  6944 | D:8      | Found a flagged portal.
  6964 | Bailey   | Entered a bailey
  6973 | Bailey   | Reached **** piety under Cheibriados
  7191 | Bailey   | Noticed an orc knight
  7210 | Bailey   | Killed an orc knight
  7273 | Bailey   | Noticed an orc knight
  7277 | Bailey   | Noticed an orc knight
  7294 | Bailey   | Killed an orc knight
  7294 | Bailey   | HP: 1/99 [orc knight/+0 halberd (24)]
  7295 | Bailey   | Reached XP level 11. HP: 1/105 MP: 10/10
  7298 | Bailey   | Mangled by an orc knight

Illustrated notes

Levels and vault maps discovered:
D:1:      onia_arrival_zoo_common, layout_rooms,
          hellmonk_ecumenical_altar_watching_god
D:2:      layout_basic, serial_shops, nicolae_lakefront_shop,
          minmay_misc_feat_x, guppyfry_early_lair_pool, uniq_sigmund,
          uniq_jessica
D:3:      layout_basic, nicolae_overflow_hallway_of_the_gods, minmay_unequal
D:4:      layout_basic, mainiacjoe_overflow_boulevard, interstate_on_off,
          uniq_edmund
D:5:      layout_gridville, mainiacjoe_overflow_catwalk,
          minmay_temple_entry_stoned_glass, uniq_eustachio,
          uniq_crazy_yiuf_cottage, uniq_pikel
D:6:      layout_rooms, uniq_prince_ribbit1
D:7:      layout_cave_pools, fedhas_altar_1, minmay_hollow_rounded_squares
D:8:      layout_basic, grunt_gozag_breadcrumbs, enter_bailey_5
Temple:   oiseaux_autumnal_temple
Bailey:   bailey_polearm_5, bailey

Skill      XL: |  1  2  3  4  5  6  7  8  9 10 |
---------------+-------------------------------+-----
Fighting       | 4 5 6 7 9 10 12 | 12.4
Axes           | 3 4 5 6 8 10 12 | 12.1
Armour         | 4 5 6 7 9 |  9.0
Shields        | 4 5 6 7 9 |  9.0
Invocations    | |  0.8

Action                     |  1- 3 |  4- 6 |  7- 9 | 10-12 || total
---------------------------+-------+-------+-------+-------++-------
  Melee: War axe           |    67 |    76 |   192 |   127 ||   462
         Headbutt          |     8 |    11 |    38 |    23 ||    80
  Evoke: Wand              |       |       |       |     6 ||     6
         Phantom mirror    |       |       |       |     1 ||     1
    Use: Potion            |       |     4 |     1 |     6 ||    11
         Scroll            |       |     4 |       |     4 ||     8
 Armour: Scale mail        |    31 |    48 |   122 |   127 ||   328
         Skin              |       |       |       |    19 ||    19
  Dodge: Dodged            |    21 |    19 |    66 |    69 ||   175
  Block: Buckler           |    17 |    16 |    86 |   120 ||   239
         Reflection        |       |       |     3 |     6 ||     9
         Other             |       |       |       |     1 ||     1

Table legend: (Time is in decaauts)
 A = Elapsed time spent in this place.
 B = Non-inter-level travel time spent in this place.
 C = Inter-level travel time spent in this place.
 D = Time resting spent in this place.
 E = Time spent auto-exploring this place.
 F = Levels seen in this place.
 G = Mean time per level.
                   A        B        C        D        E       F      G
               +--------+--------+--------+--------+--------+-----+--------+
         Total |   8304 |   8032 |    272 |   1199 |   5444 |  10 |  830.4 |
       Dungeon |   7867 |   7645 |    222 |   1014 |   5363 |   8 |  983.4 |
        Temple |     52 |      3 |     49 |      0 |      0 |   1 |   52.0 |
        Bailey |    385 |    385 |      0 |    185 |     80 |   1 |  385.0 |
               +--------+--------+--------+--------+--------+-----+--------+

Top non-repeatable levels by time:
     D:7: 1827 daAuts
     D:4: 1409 daAuts
     D:2: 1092 daAuts
     D:6: 787 daAuts
     D:3: 770 daAuts
     D:5: 754 daAuts
     D:8: 711 daAuts
     D:1: 514 daAuts
  Bailey: 385 daAuts
  Temple: 52 daAuts
